 Dungeon Sprint DCSS version 0.19.1 (webtiles) character file.

7434 equalderp2856 the Eviscerator (level 10, -9/49 HPs)
             Began as a Felid Fighter on Dec 18, 2016.
             Was the Champion of Dithmenos.
             Mangled by an orc knight
             ... wielding a +3 great sword of freezing
              (30 damage)
             ... in the Dungeon (Sprint IX: "|||||||||||||||||||||||||||||").
             The game lasted 00:07:58 (3331 turns).

equalderp2856 the Eviscerator (Felid Fighter)       Turns: 3331, Time: 00:07:59

Health: -9/49      AC:  2    Str: 13    XL:     10   Next: 93%
Magic:  9/13       EV: 32    Int: 11    God:    Dithmenos [******]
Gold:   980        SH:  0    Dex: 17    Spells: 0 memorised, 9 levels left
                                        Lives:  0   Deaths: 2

rFire  . . .     SeeInvis +       - Unarmed
rCold  . . .     Gourm    .     (armour unavailable)
rNeg   . . .     Faith    .     (shield unavailable)
rPois  .         Spirit   .     (helmet unavailable)
rElec  .         Reflect  .     (cloak unavailable)
rCorr  .         Harm     .     (gloves unavailable)
MR     +....     NoTele   +     (boots unavailable)
Stlth  +++++++++.               (no amulet)
                                (no ring)
                                (no ring)

@: wreathed by umbra, quick
A: no armour, no weapons or thrown items, stealth, claws 1, fangs 3, see
invisible, carnivore 3, speed 1, shaggy fur 2, slow metabolism 1, sharp paws
a: Shadow Step, Shadow Form, Renounce Religion


You were in the Dungeon.
You worshipped Dithmenos.
Dithmenos was exalted by your worship.
You were not hungry.

You visited 1 branch You collected 980 gold pieces.

Inventory:

Jewellery
 m - a +3 ring of dexterity
 n - a +3 ring of strength
 t - an uncursed ring of protection from fire
Wands
 l - a wand of acid (2/15)
 o - a wand of polymorph (14/24)
Scrolls
 h - 2 scrolls of blinking
 j - 5 scrolls of remove curse
 k - 2 scrolls of amnesia
 q - a scroll of identify
 r - a scroll of fog
 s - a scroll of recharging
Potions
 a - 2 potions of might
 c - a potion of invisibility
 d - 6 potions of heal wounds
 e - a potion of haste
 f - 4 potions of magic
 g - a potion of berserk rage
 i - 4 potions of curing
 p - a potion of brilliance
Comestibles
 b - 13 meat rations


   Skills:
 + Level 8.7 Fighting
 + Level 16.3 Dodging
 + Level 12.5 Stealth
 + Level 22.6 Unarmed Combat
 + Level 3.0 Invocations
 + Level 3.7 Evocations


You had 9 spell levels left.
You didn't know any spells.

Dungeon Overview and Level Annotations

Branches:
Dungeon (1/1)

Altars:
Cheibriados
Dithmenos
Elyvilon
Fedhas
Gozag
Hepliaklqana
Kikubaaqudgha
Makhleb
Nemelex Xobeh
Okawaru
Qazlal
Ru
Sif Muna
Trog
Uskayaw
Vehumet
Xom
Yredelemnul
Zin
The Shining One
Beogh
Jiyva
Lugonu

Shops:
D *(}*


Innate Abilities, Weirdness & Mutations

You cannot wear armour.
You are incapable of wielding weapons or throwing items.
Your paws allow you to move quietly. (Stealth)
You have sharp claws.
You have razor-sharp teeth.
You have supernaturally acute eyesight. (SInv)
You are carnivorous and can eat meat at any time.
You cover ground quickly.
You are covered in thick fur. (AC +2)
You have a slow metabolism.
Your sharp claws are effective at attacking unaware monsters.


Message History

The soul eater hits you.
You mangle the orc high priest!!
You kill the orc high priest!
Dithmenos accepts your kill.
The soul eater disappears in a puff of smoke!
Your Invocations skill increases to level 3!
The orc knight unwields an uncursed great sword of freezing.
The orc knight wields an arbalest.
The orc knight shoots a bolt.
The bolt misses you.
There is an entrance to Qoipp's Gadget Emporium here.
Items here: $ )) [[ † You claw the orc knight!
The orc knight is lightly wounded.
Your shadow barely misses the orc knight.
The orc knight unwields an uncursed arbalest.
The orc knight wields an uncursed great sword of freezing.
It glows with a cold blue light!
The orc knight hits you with an uncursed great sword of freezing!!
Ouch! That really hurt!
You die...

▓.▓.▓)▓.▓.▓
▓.▓.▓.▓.▓.▓
▓|▓.▓.▓.▓.▓
▓)▓.▓.▓.▓.▓
▓[▓.▓.▓.▓∩▓
▓[▓.▓.▓.▓§▓
▓[▓.▓.▓.▓∩▓
▓.▓.▓.▓.▓§▓
▓.▓.▓.▓.▓@▓
▓'▓.▓(▓.▓o▓
▓)▓.▓(▓.▓o▓
▓.▓.▓.▓.▓.▓
▓.▓.▓'▓.▓o▓
▓.▓.▓%▓.▓.▓
▓.▓.▓.▓.▓.▓
▓.▓.▓[▓.▓
▓'▓.▓[▓.▓


You could see an orc knight and an orc high priest.

Vanquished Creatures
  A stone giant (D)
  2 hydras (D)
  8 orc high priests (D)
  Sonja (D)
  7 orc knights (D)
  An ugly thing (D)
  A black mamba (D)
  A polar bear (D)
  A blink frog (D)
  2 hippogriffs (D)
  A wyvern (D)
  A hungry ghost (D)
  3 wargs (D)
  2 water moccasins (D)
  4 porcupines (D)
  11 orc warriors (D)
  A phantom (D)
  2 ogres (D)
  3 crocodiles (D)
  5 wolves (D)
  A big kobold (D)
  3 bullfrogs (D)
  A scorpion (D)
  A hound (D)
  4 orc priests (D)
  An orc wizard (D)
  2 worker ants (D)
  An adder (D)
  2 adder skeletons (D)
  A dart slug (D)
  A leopard gecko (D)
  5 orcs (D)
  A bat zombie (D)
  A frilled lizard (D)
  2 kobolds (D)
85 creatures vanquished.

Vanquished Creatures (others)
  A spatial maelstrom (D)
1 creature vanquished.

Grand Total: 86 creatures vanquished

Notes
Turn   | Place    | Note
-------+----------+-------------------------------------------
     0 | D        | equalderp2856 the Felid Fighter began the quest for the Orb.
     0 | D        | Reached XP level 1. HP: 10/10 MP: 2/2
     4 | D        | Banished a spatial maelstrom
    27 | D        | Reached skill level 5 in Unarmed Combat
    71 | D        | Noticed a worker ant
    71 | D        | Noticed a phantom
    71 | D        | Noticed a scorpion
    71 | D        | Noticed a hound
    75 | D        | Killed a worker ant
    75 | D        | Reached skill level 5 in Dodging
    75 | D        | Reached skill level 6 in Unarmed Combat
    75 | D        | Reached XP level 2. HP: 15/15 MP: 3/3
    75 | D        | Reached XP level 3. HP: 18/18 MP: 4/4
    92 | D        | Killed a scorpion
    92 | D        | Reached skill level 5 in Fighting
    92 | D        | Reached skill level 7 in Unarmed Combat
    92 | D        | Reached XP level 4. HP: 11/23 MP: 5/5
    96 | D        | Reached skill level 1 in Stealth
    96 | D        | Reached skill level 8 in Unarmed Combat
   106 | D        | Killed a phantom
   106 | D        | Reached skill level 9 in Unarmed Combat
   106 | D        | Reached XP level 5. HP: 14/27 MP: 6/6
   249 | D        | Found a roughly hewn altar of Beogh.
   249 | D        | Found a snail-covered altar of Cheibriados.
   249 | D        | Found a shadowy altar of Dithmenos.
   249 | D        | Found a white marble altar of Elyvilon.
   249 | D        | Found a blossoming altar of Fedhas.
   249 | D        | Found an opulent altar of Gozag.
   250 | D        | Found a hazy altar of Hepliaklqana.
   251 | D        | Found a viscous altar of Jiyva.
   252 | D        | Found an ancient bone altar of Kikubaaqudgha.
   253 | D        | Found a corrupted altar of Lugonu.
   254 | D        | Found a burning altar of Makhleb.
   255 | D        | Found a sparkling altar of Nemelex Xobeh.
   256 | D        | Found an iron altar of Okawaru.
   257 | D        | Found a stormy altar of Qazlal.
   258 | D        | Found a sacrificial altar of Ru.
   259 | D        | Found a deep blue altar of Sif Muna.
   260 | D        | Found a bloodstained altar of Trog.
   261 | D        | Found a hide-covered altar of Uskayaw.
   262 | D        | Found a radiant altar of Vehumet.
   263 | D        | Found a shimmering altar of Xom.
   264 | D        | Found a basalt altar of Yredelemnul.
   265 | D        | Found a glowing silver altar of Zin.
   266 | D        | Found a glowing golden altar of the Shining One.
   326 | D        | Became a worshipper of Dithmenos the Shadowed
   360 | D        | Noticed a hungry ghost
   360 | D        | Noticed a hippogriff
   368 | D        | Killed a hungry ghost
   368 | D        | Reached skill level 11 in Unarmed Combat
   368 | D        | Gained mutation: You are covered in thick fur. (AC +2) [Felid growth]
   368 | D        | Reached XP level 6. HP: 31/31 MP: 7/7
   376 | D        | Killed a hippogriff
   376 | D        | Reached skill level 12 in Unarmed Combat
   376 | D        | Reached XP level 7. HP: 36/36 MP: 8/8
   379 | D        | Reached * piety under Dithmenos
   388 | D        | Reached ** piety under Dithmenos
   407 | D        | Noticed a green ugly thing
   409 | D        | Reached skill level 10 in Dodging
   423 | D        | Killed a green ugly thing
   423 | D        | Reached skill level 13 in Unarmed Combat
   423 | D        | Reached XP level 8. HP: 27/40 MP: 9/9
   425 | D        | Reached *** piety under Dithmenos
   428 | D        | Reached skill level 14 in Unarmed Combat
   559 | D        | Noticed Sonja
   566 | D        | Killed Sonja
   566 | D        | Reached skill level 5 in Stealth
   566 | D        | Reached skill level 15 in Unarmed Combat
   634 | D        | Noticed a black mamba
   636 | D        | Reached **** piety under Dithmenos
   643 | D        | Reached XP level 9. HP: 37/44 MP: 10/10
   649 | D        | Killed a black mamba
   649 | D        | Reached skill level 16 in Unarmed Combat
  1012 | D        | Reached ***** piety under Dithmenos
  1041 | D        | Noticed an eight-headed hydra
  1041 | D        | Noticed a seven-headed hydra
  1041 | D        | Noticed a polar bear
  1060 | D        | Killed an eight-headed hydra
  1060 | D        | Reached skill level 17 in Unarmed Combat
  1060 | D        | Killed a seven-headed hydra
  1060 | D        | Reached skill level 1 in Evocations
  1060 | D        | Reached XP level 10. HP: 48/48 MP: 10/12
  1065 | D        | Reached skill level 18 in Unarmed Combat
  1287 | D        | Reached ****** piety under Dithmenos
  1298 | D        | Reached skill level 10 in Stealth
  1597 | D        | Noticed a stone giant
  1598 | D        | Noticed an orc knight
  1614 | D        | Killed a stone giant
  1614 | D        | Reached skill level 15 in Dodging
  1614 | D        | Reached skill level 19 in Unarmed Combat
  1635 | D        | Killed an orc knight
  1858 | D        | Noticed an orc high priest
  1858 | D        | Noticed an orc knight
  1859 | D        | Noticed an orc knight
  1861 | D        | Reached XP level 11. HP: 52/52 MP: 14/14
  1871 | D        | Killed an orc high priest
  1871 | D        | Reached skill level 20 in Unarmed Combat
  1876 | D        | Killed an orc knight
  1881 | D        | Killed an orc knight
  2110 | D        | Found Caiz's Assorted Antiques.
  2110 | D        | Noticed an orc high priest
  2110 | D        | Noticed an orc knight
  2110 | D        | Noticed an orc high priest
  2110 | D        | Noticed an orc high priest
  2110 | D        | Noticed an orc high priest
  2111 | D        | Noticed an orc knight
  2115 | D        | Noticed an orc high priest
  2116 | D        | Killed an orc high priest
  2118 | D        | Slain by an orc knight
  2119 | D        | Reached XP level 10. HP: -2/49 MP: 13/13
  2387 | D        | Killed an orc knight
  2387 | D        | Reached skill level 21 in Unarmed Combat
  2414 | D        | Noticed an orange demon
  2414 | D        | Noticed a sixfirhy
  2428 | D        | Slain by a sixfirhy
  2429 | D        | Reached XP level 9. HP: -1/45 MP: 12/12
  2496 | D        | Noticed a soul eater
  2499 | D        | Noticed a sixfirhy
  2512 | D        | Noticed a sun demon
  2518 | D        | Noticed an ice devil
  2523 | D        | Killed an orc high priest
  2753 | D        | Killed an orc high priest
  2753 | D        | Reached XP level 10. HP: 19/49 MP: 13/13
  2789 | D        | Killed an orc high priest
  3146 | D        | Killed an orc knight
  3268 | D        | Killed an orc high priest
  3268 | D        | Reached skill level 22 in Unarmed Combat
  3268 | D        | Reached skill level 1 in Invocations
  3278 | D        | Noticed an orc knight
  3292 | D        | Killed an orc knight
  3301 | D        | Found Komy's Antique Weapon Shoppe.
  3304 | D        | Found Qoipp's Gadget Emporium.
  3307 | D        | Found Cofud's General Store.
  3307 | D        | Noticed an orc high priest
  3309 | D        | Noticed an orc knight
  3310 | D        | Noticed an orc high priest
  3312 | D        | Noticed an orc knight
  3314 | D        | Killed an orc high priest
  3315 | D        | Noticed an orc high priest
  3320 | D        | Killed an orc knight
  3325 | D        | Noticed a soul eater
  3329 | D        | Killed an orc high priest
  3331 | D        | Mangled by an orc knight

Skill      XL: |  1  2  3  4  5  6  7  8  9 10 11 |
---------------+----------------------------------+-----
Unarmed Combat | 6 7 9 11 12 13 15 17 22 20 | 22.6
Fighting       | 4 5 6 7 8 |  8.7
Dodging        | 5 6 7 8 9 10 12 14 16 | 16.3
Stealth        | 1 2 4 6 9 12 | 12.5
Evocations     | 1 3 |  3.7
Invocations    | 3 |  3.0

Action                   |  1- 3 |  4- 6 |  7- 9 | 10-12 || total
-------------------------+-------+-------+-------+-------++-------
Melee: Unarmed           |    39 |    26 |    99 |   211 ||   375
       Bite              |     6 |     4 |     8 |    29 ||    47
       Punch             |     1 |     1 |     8 |    19 ||    29
Invok: Shadow Form       |       |       |       |     2 ||     2
Evoke: Wand              |       |       |     4 |     1 ||     5
  Use: Potion            |     1 |       |     1 |     3 ||     5
 Stab: Sleeping          |     1 |       |     2 |       ||     3
       Invisible         |       |       |       |     4 ||     4
       Distracted        |       |       |       |     2 ||     2
Armor: Skin              |     2 |     1 |     3 |     1 ||     7
Dodge: Dodged            |    24 |    27 |    67 |    96 ||   214
